 Dungeon Crawl Stone Soup version 0.31-a0-986-g5e6e4ef867 (webtiles) character file.

Game seed: 7667383667735185882

151700 Forgeling the Bewitcher (level 17, -12/98 HPs)
             Began as an Octopode Hedge Wizard on Nov 3, 2023.
             Was the Champion of Hepliaklqana.
             Killed from afar by a deep elf annihilator (51 damage)
             ... with an iron shot
             ... on level 3 of the Elven Halls on Nov 5, 2023.
             The game lasted 03:09:19 (44964 turns).

Forgeling the Bewitcher (Octopode Hedge Wizard)    Turns: 44964, Time: 03:09:20

Health: -12/98     AC: 12    Str: 14    XL:     17   Next: 56%
Magic:  0/33       EV: 13    Int: 29    God:    Hepliaklqana [******]
Gold:   893        SH: 14    Dex:  8    Spells: 5/40 levels left

rFire   + + .        m - +10 trident of the Tiger {drain, Fly rPois Str+3 Dex-3}
rCold   + . .        g - +1 buckler {AC+3}
rNeg    . . .        l - +0 hat {Int+3}
rPois   +            z - brooch of Shielding {Spirit SH+8}
rElec   .            x - ring of protection from cold
rCorr   .            r - ring of protection from fire
SInv    +            c - ring of see invisible
Will    ++...        n - ring "Wynann" {rPois Int+3}
Stlth   ++++++       p - ring of protection from fire
HPRegen 0.36/turn    o - +4 ring of protection
MPRegen 0.23/turn    Z - ring of willpower
                     f - +4 ring of protection

%: guardian spirit
@: flying, slightly contaminated, studying Evocations
A: reduced essence, almost no armour, amphibious, 8 rings, camouflage 1,
gelatinous body 1, (nimble swimmer 1), tentacles
a: Renounce Religion, Recall Ancestor, Ancestor Identity, Transference, Idealise


You were on level 3 of the Elven Halls.
You worshipped Hepliaklqana.
Hepliaklqana was exalted by your worship.
You visited 6 branches of the dungeon, and saw 24 of its levels.
You visited 1 bazaar.

You collected 3302 gold pieces.
You spent 2409 gold pieces at shops.

Inventory:

Hand Weapons
 b - the +2 hand axe of Foolhardiness {holy, rElec rF- rC+}
   (You bought it in a shop in a bazaar)

   rF-:       It makes you vulnerable to fire.
   rC+:       It protects you from cold.
   rElec:     It insulates you from electricity.
 m - the +10 trident of the Tiger (weapon) {drain, Fly rPois Str+3 Dex-3}
   (You found it on level 3 of the Elven Halls)

   Str+3:     It affects your strength (+3).
   Dex-3:     It affects your dexterity (-3).
   rPois:     It protects you from poison Fly: It grants you flight.
Missiles
 j - 5 curare-tipped darts
 w - 3 silver javelins
Armour
 g - a +1 buckler of protection (worn)
 l - a +0 hat of intelligence (worn)
Jewellery
 c - a ring of see invisible (on tentacle)
 f - a +4 ring of protection (on tentacle)
 n - the ring "Wynann" (on tentacle) {rPois Int+3}
   (You bought it in a shop on level 2 of the Orcish Mines)

   [ring of poison resistance]

   Int+3:     It affects your intelligence (+3).
   rPois:     It protects you from poison
 o - a +4 ring of protection (on tentacle)
 p - a ring of protection from fire (on tentacle)
 r - a ring of protection from fire (right tentacle)
 t - the ring of Siho {+Blink rElec Will- AC+4}
   (You found it on level 3 of the Elven Halls)

   [ring of protection]

   AC+4:      It affects your AC (+4).
   rElec:     It insulates you from electricity.
   Will-:     It decreases your willpower.
   +Blink:    It lets you blink.
 x - a ring of protection from cold (left tentacle)
 z - the brooch of Shielding (around mantle) {Spirit SH+8}
   (You found it on level 11 of the Dungeon)

   [amulet of guardian spirit]

   Spirit:    It causes incoming damage to be divided between your reserves of
   health and magic.
   SH+8:      It affects your SH (+8).
 T - the ring of Noon {Ice rN++}
   (You found it on level 11 of the Dungeon)

   [ring of ice]

   Ice:       It enhances your ice magic.
   rF-:       It makes you vulnerable to fire.
   rC+:       It protects you from cold.
   rN++:      It greatly protects you from negative energy.
 Z - a ring of willpower (on tentacle)
Wands
 d - a wand of digging (1)
 e - a wand of charming (7)
 i - a wand of iceblast (10)
 q - a wand of flame (32)
 y - a wand of mindburst (15)
Scrolls
 k - 5 scrolls of enchant weapon
 D - 2 scrolls of blinking
 E - 7 scrolls of fear
 F - a scroll of fog
 I - 2 scrolls of brand weapon
 K - 2 scrolls of immolation
 L - 3 scrolls of enchant armour
 O - a scroll of silence
 P - 2 scrolls of poison
 S - 2 scrolls of butterflies
 V - a scroll of vulnerability
 X - a scroll of revelation {@r4}
 Y - 5 scrolls of teleportation {@r3}
Potions
 v - a potion of enlightenment
 A - 5 potions of attraction
 B - 2 potions of brilliance
 C - 2 potions of cancellation
 G - 2 potions of ambrosia
 H - 3 potions of haste
 J - 9 potions of curing {@q1}
 M - 2 potions of might
 N - 3 potions of heal wounds {@q2}
 Q - 5 potions of magic
 R - 3 potions of resistance
 U - 3 potions of mutation
 W - 4 potions of lignification
Miscellaneous
 s - a sack of spiders


   Skills:
 - Level 8.0 Fighting
 - Level 4.0 Dodging
 - Level 14.0 Stealth
 - Level 8.0 Shields
 + Level 12.3 Spellcasting
 - Level 13.0 Conjurations
 - Level 15.0 Hexes
 - Level 4.0 Summonings
 - Level 1.0 Translocations
 - Level 8.0 Fire Magic
 - Level 5.0 Poison Magic
 - Level 10.0 Invocations
 - Level 8.0 Evocations


You had 5 spell levels left.
You knew the following spells:

 Your Spells              Type           Power      Damage    Failure   Level
c - Flame Wave            Conj/Fire      68%        2d15      1%          4
d - Mephitic Cloud        Conj/Pois/Air  51%        N/A       1%          3
f - Slow                  Hex            100%       N/A       0%          1
h - Confusing Touch       Hex            81%        N/A       1%          3
j - Tukima's Dance        Hex            81%        N/A       1%          3
s - Sticky Flame          Conj/Fire      68%        2d8       1%          4
u - Yara's Violent Unrav  Hex/Tmut       28%        3d12      4%          5
x - Stone Arrow           Conj/Erth      100%       3d13      1%          3
y - Irradiate             Conj/Tmut      26%        3d20      7%          5
F - Cause Fear            Hex            40%        N/A       1%          4

Your spell library contained the following spells:

 Spells                   Type           Power      Damage    Failure   Level
 Magic Dart               Conj           100%       1d8       1%          1
 Summon Small Mammal      Summ           100%       N/A       1%          1
 Call Imp                 Summ           82%        N/A       1%          2
 Ensorcelled Hibernation  Hex/Ice        100%       N/A       1%          2
 Poisonous Vapours        Pois/Air       64%        N/A       1%          2
 Searing Ray              Conj           100%       2d8       1%          2
 Static Discharge         Conj/Air       100%       3-8/arc   1%          2
 Hailstorm                Conj/Ice       53%        3d12      1%          3
 Inner Flame              Hex/Fire       71%        N/A       1%          3
 Sigil of Binding         Hex            81%        N/A       1%          3
 Summon Guardian Golem    Hex/Summ       64%        N/A       1%          3
 Anguish                  Hex/Necr       28%        N/A       1%          4
 Dimensional Bullseye     Hex/Tloc       29%        N/A       1%          4
 Iskenderun's Mystic Bla  Conj/Tloc      55%        2d12      1%          4
 Leda's Liquefaction      Hex/Erth       28%        N/A       1%          4
 Fireball                 Conj/Fire      34%        3d14      1%          5
 Iskenderun's Battlesphe  Conj           75%        2d12      1%          5
 Apportation              Tloc           46%        N/A       2%          1
 Cigotuvi's Dreadful Rot  Necr/Pois/Air  54%        N/A       2%          2
 Call Canine Familiar     Summ           41%        N/A       2%          3
 Freeze                   Ice            68%        1d8       3%          1
 Necrotise                Necr           68%        1d7       3%          1
 Blink                    Tloc           46%        N/A       3%          2
 Lesser Beckoning         Tloc           46%        N/A       3%          2
 Gell's Gravitas          Tloc           23%        N/A       8%          3
 Teleport Other           Tloc           23%        N/A       8%          3
 Frozen Ramparts          Ice            34%        1d6       11%         3
 Vampiric Draining        Necr           17%        2d7       11%         3
 Summon Lightning Spire   Summ/Air       29%        N/A       16%         4
 Freezing Cloud           Conj/Ice/Air   21%        6-21      17%         5
 Manifold Assault         Tloc           23%        N/A       24%         4
 Passage of Golubria      Tloc           23%        N/A       24%         4
 Airstrike                Air            8%         2d(2-18)  36%         4
 Dispel Undead            Necr           17%        3d10      36%         4
 Enfeeble                 Hex            40%        N/A       7%          7
 Dispersal                Tloc           11%        N/A       98%         6
 Death Channel            Necr           8%         N/A       99%         6
 Lehudib's Crystal Spear  Conj/Erth      26%        10d7      100%        8
 Polar Vortex             Ice            8%         12d1*     100%        9
 Animate Armour           Summ/Erth      Unusable   N/A       N/A         4

Dungeon Overview and Level Annotations

Branches:
Dungeon (12/15)              Lair (5/5) D:8          Shoals (1/4) Lair:3
 Spider (1/4) Lair:3        Slime (0/5) Lair:4          Orc (2/2) D:10
    Elf (3/3) Orc:2
 Temple: D:4-7

Altars:
Dithmenos
Elyvilon
Fedhas
Gozag
Hepliaklqana
Makhleb
Okawaru
Ru
Sif Muna
Xom
Jiyva

Shops:
D:3 ?   D:6 [   Orc:2 ==*?(   Elf:1 :==   Elf:2 (

Annotations:
Shoals:1 Donald
Spider:1 Jorgrun


Innate Abilities, Weirdness & Mutations

Your life essence is reduced to manifest your ancestor. (-10% HP)
You cannot wear most types of armour.
You are amphibious.
You can wear up to eight rings at the same time.
Your skin changes colour to match your surroundings (Stealth+).
Your rubbery body absorbs attacks. (AC +1, EV +1)
((You are camouflaged when in or above water. (Stealth+)))
You have tentacles for arms and can constrict up to eight enemies at once.


Message History

Okay, then.
Unknown command.
Unknown command.
Unknown command.
Unknown command.
Unknown command.
Unknown command.
Unknown command.
Casting: Yara's Violent Unravelling (dangerous; 4% risk of failure)
Confirm with . or Enter, or press ? or * to list all spells.
You erupt in a fountain of uncontrolled magic!
The deep elf master archer is blasted with magical radiation!!
The deep elf master archer is almost dead.
The deep elf master archer twists and deforms.
You are lightly contaminated with residual magic.
The deep elf master archer unwields a +0 longbow.
Press: ? - help, v - describe, . - travel
Here: a deep elf annihilator, wielding a +0 long sword and wearing a +0 ring mail (blue smoke, severely wounded)
The floor.
Unknown command.
Unknown command.
Unknown command.
Unknown command.
Unknown command.
Unknown command.
Unknown command.
Aiming: Iceblast
Press: ? - help, Shift-Dir - straight line, f/p - deep elf master archer
Aim: a deep elf master archer, wearing a +2 chain mail of fire resistance and quivering stones (blue smoke, almost dead, misshapen and mutated)
The mass of ice explodes!
The iceblast engulfs the deep elf master archer!!
You kill the deep elf master archer!
The iceblast engulfs the deep elf annihilator!!
The deep elf annihilator is almost dead.
The iceblast engulfs you! You partially resist.
* * * LOW HITPOINT WARNING * * *
The deep elf annihilator gestures at you while chanting.
The iron shot hits you!!!
Ouch! That really hurt!
You die...

##.#######.##..~≈#
##'##...'###..~≈#
##)......##..~≈#
########.......'.e.~~## ####
'......'......e###..)≈## ##≈≈≈
########......§# #..~≈≈#####≈≈≈~
#.....§e# ##..~~≈≈≈≈~~≈..
###...#§## #....~~~~~....
######@#####........... ##§##
###......... ##§## ########.# #
##.## ##. ### ### ##.###### ##
..# ###.### ##'#..)### # ..#
###.....### #.......### #
..######.........####....[....###
..+....'.........'..'.....###....


You could see a deep elf annihilator.

Vanquished Creatures
  Rupert (Lair:5)
  A deep elf blademaster (Elf:2)
  2 deep elf master archers (Elf:3)
  2 deep elf elementalists
  A ghost moth (Spider:1)
  2 deep elf demonologists
  3 dire elephants (Lair:5)
  A deep elf annihilator (Elf:3)
  Snorg (Lair:3)
  A fire dragon (Lair:4)
  2 hydras (Lair:5)
  Fannar (D:10)
  2 boulder beetles
  6 death yaks
  3 two-headed ogres
  23 dancing weapons
  A deep troll earth mage (D:11)
  6 orc high priests (Orc:2)
  Sonja (Lair:2)
  9 deep elf knights
  A spectral anaconda (Lair:5)
  A pharaoh ant (Spider:1)
  3 skysharks
  A death drake (shapeshifter) (Elf:3)
  A fire crab (D:11)
  Lodul (D:10)
  A deep troll (D:11)
  An orb spider (Lair:3)
  7 deep elf archers
  A phantasmal warrior (D:11)
  3 steelbarb worms
  18 deep elf pyromancers
  2 necromancers (Lair:5)
  13 deep elf zephyrmancers
  An orc sorcerer (Orc:1)
  2 wolf spiders (Lair:3)
  4 fauns (Shoals:1)
  2 manticores (D:11)
  3 black mambas
  Maurice (D:8)
  3 merfolk sirens
  A torpor snail (Lair:5)
  11 elephants
  A dire elephant zombie (Lair:5)
  2 gargoyles
  8 cane toads
  14 rime drakes
  4 komodo dragons
  8 trolls
  A merfolk (Shoals:1)
  A wind drake (Shoals:1)
  4 hornets
  A polar bear (Lair:3)
  20 blink frogs
  A slime creature (Lair:4)
  4 jumping spiders (Spider:1)
  2 water elementals
  2 air elementals
  A culicivora (Spider:1)
  2 wyverns
  28 yaks
  A wraith (D:11)
  4 hogs
  8 steam dragons
  A fire elemental (Elf:1)
  6 redbacks (Spider:1)
  5 vampire mosquitoes
  3 basilisks
  A death yak simulacrum (Lair:5)
  Menkaure (D:5)
  A spectral cane toad (Lair:5)
  3 acid dragons
  16 water moccasins
  9 orc warriors
  An ice beast (D:7)
  2 elephant skeletons (Lair:5)
  6 wolves (Lair:4)
  5 centaurs
  6 ogres
  A lemure (D:8)
  A kobold brigand (D:11)
  3 gnoll sergeants
  8 bullfrogs
  An earth elemental (Elf:1)
  A cane toad simulacrum (Lair:5)
  10 wights
  2 howler monkeys
  An electric eel (Spider:1)
  A knight (Lair:1)
  3 jellies
  Crazy Yiuf (D:2)
  2 hounds
  23 orc priests
  A sleepcap (D:8)
  Terence (D:3)
  3 iguanas
  5 orc wizards
  10 gnolls
  15 adders
  2 shadow imps (D:6)
  3 dart slugs
  57 orcs
  6 ball pythons
  7 bats
  10 endoplasms
  2 giant cockroaches
  8 goblins
  11 hobgoblins
  4 quokkas
  6 frilled lizards
  19 kobolds
  5 rats
567 creatures vanquished.

Vanquished Creatures (collateral kills)
  Gastronok (Lair:1)
  Kirke (Lair:2)
  A dire elephant (Lair:5)
  The ghost of Firecrotchwizard the Martial Artist, a journeyman DsSh of Okawaru (Orc:1)
  A deep elf death mage (Elf:3)
  A merfolk impaler (Shoals:1)
  A fire dragon (D:11)
  2 death yaks (Lair:4)
  4 dancing weapons
  5 deep elf knights
  A spectral death yak (Lair:5)
  A flayed ghost (D:11)
  A pharaoh ant (Spider:1)
  An orb spider (Spider:1)
  An obsidian statue (Lair:5)
  A steelbarb worm (Spider:1)
  A necromancer (Lair:5)
  Pikel (D:8)
  6 deep elf archers
  8 deep elf pyromancers
  10 deep elf zephyrmancers
  A faun (Shoals:1)
  A wolf spider (Spider:1)
  A merfolk siren (Shoals:1)
  3 black mambas (Lair:5)
  6 elephants
  A torpor snail (Spider:1)
  3 cane toads
  3 rime drakes
  A troll (D:12)
  A merfolk (Shoals:1)
  A tarantella (Spider:1)
  A wind drake (Shoals:1)
  7 blink frogs
  A snapping turtle (Shoals:1)
  A slime creature (Lair:4)
  3 air elementals (Elf:1)
  4 culicivoras (Spider:1)
  A shadow (D:12)
  A wyvern (Lair:5)
  15 yaks
  A water elemental (Elf:1)
  2 hogs
  5 fire elementals
  2 vampire mosquitoes
  A basilisk (Lair:3)
  3 redbacks (Spider:1)
  2 steam dragons (Lair:4)
  A death yak simulacrum (Lair:5)
  An acid dragon (D:8)
  3 wargs (Orc:2)
  6 water moccasins
  2 orc warriors (Orc:2)
  4 ogres
  A black bear (D:5)
  An elephant zombie (Lair:5)
  2 wolves (Lair:4)
  A centaur (D:10)
  A phantom (D:5)
  2 kobold brigands
  A bullfrog (Lair:1)
  An earth elemental (Elf:1)
  3 wights (D:9)
  2 elephant simulacra (Lair:5)
  An electric eel (Elf:3)
  2 jellies
  10 orc priests
  A gnoll bouda (D:6)
  An iguana (D:5)
  2 orc wizards
  6 gnolls
  7 adders
  A worm (D:4)
  32 orcs
  8 kobolds
  A quokka (D:5)
  2 butterflies (D:6)
228 creatures vanquished.

Vanquished Creatures (others)
  A deep elf knight (Elf:2)
  3 deep elf zephyrmancers
  A water elemental (Elf:1)
  36 knights
  An ancestor (D:3)
42 creatures vanquished.

Grand Total: 837 creatures vanquished

Notes
Turn   | Place    | Note
-------+----------+-------------------------------------------
     0 | D:1      | Forgeling the Octopode Hedge Wizard began the quest for the
                  | Orb.
     0 | D:1      | Reached XP level 1. HP: 11/11 MP: 4/4
   263 | D:1      | Reached XP level 2. HP: 17/17 MP: 3/6
   918 | D:1      | Reached XP level 3. HP: 21/21 MP: 5/7
  1564 | D:2      | Learned a level 2 spell: Call Imp
  1566 | D:2      | Learned a level 1 spell: Slow
  1570 | D:2      | Learned a level 3 spell: Call Canine Familiar
  1844 | D:2      | Found a faded altar of an unknown god.
  1896 | D:2      | Reached XP level 4. HP: 27/27 MP: 6/8
  2285 | D:2      | Found a runed translucent door.
  2286 | D:2      | Noticed Crazy Yiuf
  2922 | D:2      | Killed Crazy Yiuf
  2923 | D:2      | Reached skill level 1 in Hexes
  2923 | D:2      | Reached XP level 5. HP: 4/31 MP: 1/9
  3139 | D:3      | Found Itecwick's Magic Scroll Emporium.
  3154 | D:3      | Bought a scroll of teleportation for 39 gold pieces
  3307 | D:3      | Found a blossoming altar of Fedhas.
  3462 | D:2      | Prayed at the altar of an unknown god.
  3462 | D:2      | Became a worshipper of Hepliaklqana the Forgotten
  3462 | D:2      | Reached * piety under Hepliaklqana
  3784 | D:3      | Found an opulent altar of Gozag.
  3891 | D:3      | Found a burning altar of Makhleb.
  3892 | D:3      | Found a sacrificial altar of Ru.
  3892 | D:3      | Noticed Terence
  4064 | D:3      | Killed Terence
  4203 | D:3      | Bought a scroll of blinking for 97 gold pieces
  4380 | D:4      | Reached XP level 6. HP: 33/33 MP: 12/12
  4391 | D:4      | Reached skill level 1 in Fighting
  4533 | D:4      | Reached ** piety under Hepliaklqana
  4534 | D:4      | Remembered your ancestor Ayize as a knight
  4962 | D:5      | Entered Level 5 of the Dungeon
  4973 | D:5      | Noticed a black bear
  4974 | D:5      | Noticed a water moccasin
  4980 | D:5      | Killed a black bear
  4991 | D:5      | Killed a water moccasin
  4992 | D:5      | Reached XP level 7. HP: 41/41 MP: 5/13
  5061 | D:5      | Noticed Menkaure
  5090 | D:5      | Learned a level 3 spell: Stone Arrow
  5094 | D:5      | Learned a level 3 spell: Mephitic Cloud
  5946 | D:6      | Found a shimmering altar of Xom.
  5975 | D:6      | Reached skill level 5 in Conjurations
  5982 | D:6      | Noticed a troll
  5992 | D:6      | Killed a troll
  5993 | D:6      | Reached XP level 8. HP: 46/46 MP: 2/14
  6609 | D:6      | Found a shadowy altar of Dithmenos.
  6612 | D:6      | Reached skill level 5 in Spellcasting
  6786 | D:6      | Found Xiagg's Armour Emporium.
  6901 | D:6      | Found a white marble altar of Elyvilon.
  6918 | D:6      | Reached *** piety under Hepliaklqana
  7089 | D:6      | Noticed a troll
  8292 | D:8      | Noticed Pikel
  8344 | D:8      | Killed Pikel
  8345 | D:8      | Reached XP level 9. HP: 50/50 MP: 3/16
  8637 | D:8      | Reached skill level 10 in Conjurations
  9023 | D:8      | Found a staircase to the Lair.
  9232 | D:8      | Noticed a hornet
  9655 | D:8      | Reached XP level 10. HP: 56/56 MP: 3/22
  9892 | D:8      | Noticed Maurice
  9896 | D:8      | Maurice stole a ring of protection from fire
  9898 | D:8      | Maurice stole 12 boomerangs
  9901 | D:8      | Killed Maurice
 10312 | D:9      | Reached skill level 5 in Fighting
 10316 | D:9      | Reached skill level 1 in Evocations
 11080 | D:9      | Reached skill level 1 in Poison Magic
 11270 | D:9      | Found an iron altar of Okawaru.
 11478 | D:9      | Reached **** piety under Hepliaklqana
 11512 | D:10     | Entered Level 10 of the Dungeon
 11517 | D:10     | Noticed a gargoyle
 11520 | D:10     | Killed a gargoyle
 11579 | D:10     | Reached skill level 5 in Poison Magic
 11712 | D:10     | Noticed Fannar
 11724 | D:10     | Killed Fannar
 11725 | D:10     | Reached skill level 1 in Shields
 11929 | D:10     | Found a hazy altar of Hepliaklqana.
 12022 | D:10     | Reached XP level 11. HP: 39/63 MP: 20/23
 12025 | D:10     | Reached skill level 5 in Stealth
 12772 | D:10     | Found a staircase to the Orcish Mines.
 13156 | D:10     | Noticed Lodul
 13453 | D:10     | Killed Lodul
 13644 | D:11     | Reached skill level 5 in Shields
 13874 | D:11     | Noticed a manticore
 13880 | D:11     | Killed a manticore
 14137 | D:11     | Noticed a phantasmal warrior
 14137 | D:11     | Noticed a fire crab
 14137 | D:11     | Found the brooch of Shielding {Spirit SH+8}
 14138 | D:11     | Found a runed translucent door.
 14139 | D:11     | Noticed a deep troll earth mage
 14140 | D:11     | Noticed a deep troll
 14140 | D:11     | Noticed a fire dragon
 14140 | D:11     | Noticed a flayed ghost
 14140 | D:11     | Noticed a deep elf zephyrmancer
 14196 | D:11     | Noticed a two-headed ogre
 14196 | D:11     | Noticed a manticore
 14201 | D:11     | Killed a two-headed ogre
 14202 | D:11     | Reached skill level 10 in Stealth
 14203 | D:11     | Killed a manticore
 14674 | D:5      | Killed Menkaure
 15205 | Lair:1   | Entered Level 1 of the Lair of Beasts
 15205 | Lair:1   | Noticed Gastronok
 15212 | Lair:1   | Killed Gastronok
 15213 | Lair:1   | Reached XP level 12. HP: 72/72 MP: 21/24
 17247 | Lair:2   | Noticed Sonja
 17271 | Lair:2   | Killed Sonja
 17765 | Lair:2   | Learned a level 4 spell: Flame Wave
 18628 | Lair:2   | Reached skill level 10 in Spellcasting
 18830 | Lair:3   | Found a staircase to the Shoals.
 18839 | Lair:3   | Reached skill level 1 in Invocations
 18899 | Lair:3   | Noticed a skyshark
 18913 | Lair:3   | Killed a skyshark
 18914 | Lair:3   | Reached skill level 1 in Fire Magic
 18914 | Lair:3   | Reached XP level 13. HP: 79/79 MP: 3/27
 19093 | Lair:3   | Found a hole to the Spider Nest.
 19149 | Lair:3   | Learned a level 4 spell: Sticky Flame
 19519 | Lair:3   | Reached ***** piety under Hepliaklqana
 19801 | Lair:3   | You fall into a shaft and drop 1 floor!
 20305 | Lair:3   | Noticed Kirke
 20411 | Lair:3   | Noticed Snorg
 20425 | Lair:3   | Killed Snorg
 20426 | Lair:3   | Reached skill level 5 in Invocations
 21707 | Lair:4   | Noticed a fire dragon
 21749 | Lair:4   | Killed a fire dragon
 21932 | Lair:4   | Reached skill level 5 in Fire Magic
 22524 | Lair:4   | Found a viscous altar of Jiyva.
 22525 | Lair:4   | Found a staircase to the Slime Pits.
 23281 | Lair:4   | Reached XP level 14. HP: 84/84 MP: 28/28
 24538 | Lair:5   | Entered Level 5 of the Lair of Beasts
 25978 | Lair:5   | Noticed Rupert
 25982 | Lair:5   | Paralysed by Rupert for 4 turns
 25993 | Lair:5   | Killed Rupert
 26005 | Lair:4   | HP: 4/84 [poisoned by a cane toad]
 26268 | Lair:5   | Noticed a dire elephant
 26271 | Lair:5   | Noticed a dire elephant
 27014 | Lair:5   | Killed a dire elephant
 27459 | Lair:5   | Noticed a dire elephant
 27843 | D:12     | Reached skill level 10 in Invocations
 28323 | D:12     | Reached skill level 5 in Evocations
 28623 | Orc:1    | Identified the of Koor
 28623 | Orc:1    | Entered Level 1 of the Orcish Mines
 29126 | Orc:1    | Found a large runed translucent door.
 29126 | Orc:1    | Found a large runed translucent door.
 29129 | Orc:1    | Noticed Firecrotchwizard's ghost (journeyman DsSh)
 29352 | Orc:1    | Killed Firecrotchwizard's ghost
 29518 | Orc:2    | Entered Level 2 of the Orcish Mines
 30284 | Orc:2    | Found a staircase to the Elven Halls.
 30585 | Orc:2    | Reached XP level 15. HP: 89/89 MP: 16/29
 30656 | Orc:2    | Found Heru's Weapon Shop.
 30900 | Orc:2    | Found Iloabob's General Store.
 30900 | Orc:2    | Found Xunt's Magic Scroll Boutique.
 31148 | Orc:2    | Bought a scroll of noise for 15 gold pieces
 31148 | Orc:2    | Bought a scroll of fear for 60 gold pieces
 31624 | Orc:2    | Found Wauto's Jewellery Boutique.
 31624 | Orc:2    | Found Zayrue Juiwk's Jewellery Shoppe.
 31696 | Orc:2    | Bought the ring "Wynann" {rPois Int+3} for 333 gold pieces
 31702 | Orc:2    | Bought a ring of positive energy for 200 gold pieces
 31702 | Orc:2    | Bought a +4 ring of protection for 360 gold pieces
 31744 | Orc:2    | Bought a scroll of identify for 28 gold pieces
 31999 | D:3      | Bought a scroll of identify for 26 gold pieces
 31999 | D:3      | Bought a scroll of identify for 26 gold pieces
 31999 | D:3      | Bought a scroll of identify for 26 gold pieces
 31999 | D:3      | Bought a scroll of identify for 26 gold pieces
 31999 | D:3      | Bought a scroll of identify for 26 gold pieces
 31999 | D:3      | Bought a scroll of butterflies for 52 gold pieces
 32011 | D:3      | Identified 2 scrolls of acquirement
 32742 | D:11     | Identified the ring of Noon {Ice rN++}
 32757 | D:11     | Identified the +0 acid dragon scales "Firphukhli" {rElec
                  | Regen+ rCorr Dex-5 Stlth+}
 33012 | Lair:2   | Killed Kirke
 33017 | Lair:2   | Learned a level 3 spell: Confusing Touch
 33026 | Lair:2   | Learned a level 3 spell: Tukima's Dance
 33031 | Lair:2   | Learned a level 4 spell: Cause Fear
 33287 | Lair:5   | Reached skill level 2 in Hexes
 33904 | Lair:5   | Reached skill level 3 in Hexes
 34091 | Lair:5   | Reached skill level 4 in Hexes
 34484 | Lair:5   | Reached skill level 5 in Hexes
 34762 | Lair:5   | Identified the "Ochirec" (You acquired it on level 5 of
                  | the Lair of Beasts)
 34762 | Lair:5   | Acquired Gocurph's Almanac of Blasts and Interference
 34764 | Lair:5   | Acquired 470 gold pieces
 34774 | Lair:5   | Learned a level 5 spell: Irradiate
 34861 | Lair:5   | Reached skill level 6 in Hexes
 35139 | Spider:1 | Entered Level 1 of the Spider Nest
 35363 | Spider:1 | Reached skill level 7 in Hexes
 35682 | Spider:1 | Identified the +0 ring mail "Unamutus" {Str+8 Dex-3}
 35957 | Spider:1 | Noticed Jorgrun
 36292 | Spider:1 | Noticed a ghost moth
 36293 | Spider:1 | Killed a ghost moth
 36294 | Spider:1 | Reached skill level 8 in Hexes
 36814 | Orc:2    | Bought a ring of see invisible for 150 gold pieces
 36847 | Orc:2    | Bought a scroll of identify for 30 gold pieces
 37001 | Spider:4 | Identified the "Affareid"
 37001 | Shoals:1 | Entered Level 1 of the Shoals
 37049 | Shoals:1 | Reached skill level 9 in Hexes
 37106 | Shoals:1 | Reached XP level 16. HP: 94/94 MP: 19/30
 37344 | Shoals:1 | Noticed Donald
 37509 | Orc:2    | Bought a scroll of teleportation for 42 gold pieces
 37509 | Orc:2    | Bought a scroll of amnesia for 56 gold pieces
 37516 | Orc:2    | Learned a level 5 spell: Yara's Violent Unravelling
 37536 | Shoals:4 | Identified the "Gyshroh"
 37536 | WizLab   | Identified the "Fuups"
 37536 | Crypt:3  | Identified the of Xionif
 37536 | Depths:3 | Identified the of Baehociv
 37536 | Elf:1    | Identified the of Amoresm
 37536 | Elf:1    | Identified the "Pizocika"
 37536 | Elf:1    | Identified the "Zare"
 37536 | Elf:1    | Identified the "Pefock"
 37536 | Elf:1    | Identified the of Iciluguc
 37536 | Elf:1    | Identified the "Iraps"
 37536 | Elf:1    | Entered Level 1 of the Elven Halls
 37548 | Elf:1    | Paralysed by an air elemental for 1 turns
 37557 | Elf:1    | Paralysed by an air elemental for 1 turns
 37559 | Elf:1    | Paralysed by an air elemental for 1 turns
 37615 | Elf:1    | Paralysed by an air elemental for 1 turns
 37877 | Elf:1    | Reached skill level 10 in Hexes
 38100 | Elf:1    | Paralysed by an air elemental for 1 turns
 38340 | Elf:1    | Found a flickering gateway to a bazaar.
 38360 | Bazaar   | Entered a bazaar
 38433 | Bazaar   | Found Kungoila's Antique Weapon Boutique.
 38437 | Bazaar   | Found Yshatety's Magic Scroll Shop.
 38489 | Bazaar   | Found Ixiurgh's Weapon Boutique.
 38498 | Bazaar   | Found Hiameu's Assorted Antiques.
 38524 | Bazaar   | Bought a scroll of fear for 48 gold pieces
 38524 | Bazaar   | Bought a scroll of vulnerability for 48 gold pieces
 38524 | Bazaar   | Bought a scroll of fog for 48 gold pieces
 38530 | Bazaar   | Bought a polished dagger for 217 gold pieces
 38530 | Bazaar   | Identified the +1 dagger of Kismet {vamp, rPois rC+ Stlth+}
                  | (You bought it in a shop in a bazaar)
 38548 | Bazaar   | Bought a faintly glowing hand axe for 192 gold pieces
 38548 | Bazaar   | Identified the +2 hand axe of Foolhardiness {holy, rElec
                  | rF- rC+} (You bought it in a shop in a bazaar)
 38548 | Bazaar   | Bought a potion of magic for 192 gold pieces
 38548 | Bazaar   | Bought a scroll of teleportation for 72 gold pieces
 38722 | Elf:1    | Found Qipnounn's Jewellery Boutique.
 38723 | Elf:1    | Found Pilyorr's Book Emporium.
 38724 | Elf:1    | Found Rofott's Jewellery Boutique.
 39064 | Elf:1    | Reached skill level 11 in Hexes
 39672 | Elf:2    | Found a shimmering blue altar of Sif Muna.
 39704 | Elf:2    | Reached skill level 12 in Hexes
 40196 | Elf:2    | Paralysed by an air elemental for 1 turns
 40536 | Elf:2    | Reached skill level 13 in Hexes
 41055 | Elf:2    | Found Xaazadd's Weapon Emporium.
 41205 | Elf:2    | Found a runed translucent gate.
 41205 | Elf:2    | Found a runed translucent gate.
 41205 | Elf:2    | Found a runed translucent gate.
 41306 | Elf:2    | Reached XP level 17. HP: 93/98 MP: 18/32
 41678 | Elf:2    | Reached skill level 14 in Hexes
 42108 | Elf:2    | Noticed a deep elf blademaster
 42133 | Elf:2    | Killed a deep elf blademaster
 42423 | Elf:2    | Reached ****** piety under Hepliaklqana
 43089 | Elf:3    | Identified the of Dumiuniacw
 43089 | Elf:3    | Identified the "Dyedwej"
 43089 | Elf:3    | Entered Level 3 of the Elven Halls
 43366 | Elf:3    | Identified the ring of Siho {+Blink rElec Will- AC+4}
 43380 | Elf:3    | Identified the staff of Beunyerch {rPois rC- Str+5 Poison}
 43415 | Elf:3    | Identified the +11 quarterstaff "Killer Bee's Regret"
                  | {drain, Str+5}
 43435 | Elf:3    | Identified the +6 leather armour of the Moon {Harm rN+
                  | Stlth+}
 43439 | Elf:3    | Identified the +0 scale mail of the Sun {-Tele rN+ Str+3}
 43440 | Elf:3    | Noticed a deep elf blademaster
 43729 | Elf:3    | Noticed a deep elf master archer
 43741 | Elf:3    | Killed a deep elf master archer
 44578 | Elf:3    | Reached skill level 15 in Hexes
 44691 | Elf:3    | Identified the +10 trident of the Tiger {drain, Fly rPois
                  | Str+3 Dex-3}
 44952 | Elf:3    | Noticed a deep elf master archer
 44964 | Elf:3    | Killed a deep elf master archer
 44964 | Elf:3    | Killed from afar by a deep elf annihilator

Illustrated notes

Levels and vault maps discovered:
D:1:      minmay_arrival_jagged, layout_basic
D:2:      layout_loops_corners, hellmonk_ecumenical_altar_arch_garden,
          mrwooster_statue_mirror, kennysheep_generic_room_13,
          uniq_crazy_yiuf_cottage
D:3:      layout_loops_ring, mainiacjoe_overflow_six_doors_small,
          nicolae_gozag_cash_rules_everything_around_me,
          mainiacjoe_overflow_divided_tiny, serial_shops,
          nicolae_shop_tiny_statue_garden, chequers_serial_rivers_micro_c,
          hangedman_decor_diamond_cutter, chequers_hall_statues_wall_a,
          uniq_terence
D:4:      layout_loops_ring, serial_glass, glass_columns_a, glass_columns_b,
          glass_columns_a, glass_columns_c, glass_columns_c, glass_columns_a,
          glass_columns_b, glass_columns_a, kennysheep_small_circle
D:5:      layout_rooms, minmay_temple_entry_from_below_a, uniq_menkaure
D:6:      layout_layer_cave, elyvilon_altar_1, xom_butterflies,
          grunt_dithmenos_shadows, serial_shops, shop, lightli_corner_chamber
D:7:      layout_loops_cross
D:8:      layout_loops_corners, lair_entry_dummy, grunt_ministairs_14,
          uniq_pikel, uniq_maurice
D:9:      layout_loops_ring, mainiacjoe_overflow_small_starburst
D:10:     layout_loops_corners, nicolae_overflow_hidden_temple, erik_orc_2,
          amcnicky_mini_pool_small, uniq_lodul, uniq_fannar
D:11:     minmay_gate_of_8, layout_rooms
D:12:     layout_small_grid
Lair:1:   layout_roguey, grunt_megastairs_4, uniq_gastronok
Lair:2:   layout_loops_ring, uniq_sonja
Lair:3:   minmay_lair_venomous_thicket, layout_gridlike,
          minmay_shoals_entry_lonely_mermaid, nicolae_spider_entry_orb_guardian,
          infiniplex_staircase_pool_2, uniq_snorg, uniq_kirke
Lair:4:   beast_lair_carwin_large_4, layout_long_grid,
          minmay_slime_entry_pillars, bobbens_dragon_lair_wall
Lair:5:   due_jungle_book, layout_regular_city, uniq_rupert
Shoals:1: layout_shoals, serial_shops, nicolae_shop_tiny_waterfront, uniq_donald
Spider:1: layout_spider_delve, uniq_jorgrun
Orc:1:    layout_caves, basic_altar, ebering_ghost_disaster_area
Orc:2:    st_orc_town, layout_caves, serial_shops, shop_statue
Elf:1:    nicolae_elf_arrival_aired_out, layout_gridlike, serial_sigils,
          serial_sigils_hangedman_gut, serial_sigils_hangedman_gut,
          serial_sigils_hangedman_quiver, serial_sigils_hangedman_confine,
          serial_shops, bzr_entry_islet, minivault_28, minmay_shop_grove
Elf:2:    elven_hall_of_blades_hangedman_original
          [nicolae_blade_entry_floor_patterns], layout_loops_corners,
          serial_shops, nicolae_shop_temple_entry_statues_fountains,
          basic_altar, dreamdust_mushroom_princess
Elf:3:    minmay_elf_hall_quartered_circle, layout_geoelf_castle, serial_shops,
          nicolae_shop_back_alley_shop, minmay_checkered_concentric_circles

Skill      XL: |  1  2  3  4  5  6  7  8  9 10 11 12 13 14 15 16 17 |
---------------+----------------------------------------------------+-----
Conjurations   | 2 3 6 9 10 11 13 | 13.0
Summonings     | 3 4 |  4.0
Hexes          | 1 9 13 15 | 15.0
Spellcasting   | 4 5 8 10 11 12 | 12.3
Fighting       | 3 5 6 8 |  8.0
Evocations     | 4 7 8 |  8.0
Poison Magic   | 5 |  5.0
Stealth        | 4 11 14 | 14.0
Shields        | 2 5 8 |  8.0
Dodging        | 3 4 |  4.0
Invocations    | 2 7 10 | 10.0
Fire Magic     | 1 8 |  8.0
Translocations | |  1.0

Action                     |  1- 3 |  4- 6 |  7- 9 | 10-12 | 13-15 | 16-18 || total
---------------------------+-------+-------+-------+-------+-------+-------++-------
  Melee: Dagger            |    14 |     5 |       |    13 |   247 |   164 ||   443
         Constrict         |     5 |    10 |    25 |    31 |    66 |    32 ||   169
         Tentacles         |     4 |    13 |    28 |    36 |    93 |    74 ||   248
         Punch             |       |     1 |     2 |     1 |     2 |     5 ||    11
         Mace              |       |    58 |    82 |   126 |       |       ||   266
         Hand axe          |       |       |       |       |       |    51 ||    51
  Throw: Dart              |       |     3 |       |       |       |       ||     3
   Cast: Magic Dart        |    80 |    45 |       |       |     1 |       ||   126
         Call Imp          |     1 |     4 |     7 |     2 |     4 |       ||    18
         Call Canine Famil |       |     4 |     1 |     1 |     4 |       ||    10
         Slow              |       |     2 |    10 |    10 |    38 |     1 ||    61
         Stone Arrow       |       |       |    41 |   195 |   397 |   108 ||   741
         Mephitic Cloud    |       |       |     6 |    25 |    16 |     2 ||    49
         Sticky Flame      |       |       |       |       |    79 |     4 ||    83
         Irradiate         |       |       |       |       |     6 |    38 ||    44
         Tukima's Dance    |       |       |       |       |     5 |    10 ||    15
         Yara's Violent Un |       |       |       |       |       |    20 ||    20
         Cause Fear        |       |       |       |       |       |     1 ||     1
 Invoke: Recall Ancestor   |       |     1 |     1 |     3 |    15 |     7 ||    27
         Ancestor Life: Kn |       |     1 |       |       |       |       ||     1
         Idealise          |       |       |       |       |     5 |       ||     5
         Ancestor Identity |       |       |       |       |     1 |       ||     1
  Evoke: Wand              |       |       |     1 |     8 |    14 |     7 ||    30
    Use: Scroll            |       |     8 |     1 |     4 |    26 |     8 ||    47
         Potion            |       |       |       |     5 |     3 |       ||     8
   Stab: Sleeping          |     2 |    11 |     6 |     8 |    11 |     7 ||    45
         Distracted        |       |     1 |       |       |       |     1 ||     2
         Confused          |       |       |     1 |     5 |     2 |       ||     8
 Armour: Skin              |     8 |    27 |    51 |   156 |   272 |   248 ||   762
  Dodge: Dodged            |    14 |    37 |    87 |   143 |   204 |   113 ||   598
  Block: Buckler           |       |       |       |     9 |   144 |   192 ||   345

Table legend: (Time is in decaauts)
 A = Elapsed time spent in this place.
 B = Non-inter-level travel time spent in this place.
 C = Inter-level travel time spent in this place.
 D = Time resting spent in this place.
 E = Time spent auto-exploring this place.
 F = Levels seen in this place.
 G = Mean time per level.
                   A        B        C        D        E       F      G
               +--------+--------+--------+--------+--------+-----+--------+
         Total |  45191 |  41846 |   3345 |   4570 |  28448 |  25 | 1807.6 |
       Dungeon |  17604 |  15732 |   1872 |    767 |  12445 |  12 | 1467.0 |
          Lair |  15072 |  14023 |   1049 |   2245 |   8634 |   5 | 3014.4 |
        Shoals |    356 |    356 |      0 |     62 |    119 |   1 |  356.0 |
   Spider Nest |   1336 |   1336 |      0 |    323 |    684 |   1 | 1336.0 |
  Orcish Mines |   3703 |   3370 |    333 |    543 |   2040 |   2 | 1851.5 |
   Elven Halls |   6925 |   6836 |     89 |    630 |   4373 |   3 | 2308.3 |
        Bazaar |    193 |    193 |      0 |      0 |    152 |   1 |  193.0 |
               +--------+--------+--------+--------+--------+-----+--------+

Top non-repeatable levels by time:
  Lair:5: 4179 daAuts
  Lair:4: 3868 daAuts
   Elf:2: 3464 daAuts
  Lair:3: 3092 daAuts
     D:8: 2503 daAuts
    D:10: 2476 daAuts
  Lair:1: 2353 daAuts
   Orc:2: 2238 daAuts
     D:6: 1767 daAuts
   Elf:1: 1764 daAuts
     D:2: 1751 daAuts
   Elf:3: 1697 daAuts
  Lair:2: 1579 daAuts
    D:11: 1505 daAuts
   Orc:1: 1464 daAuts
